 Dungeon Crawl Stone Soup version 0.30.0-10-gfe55d96785 (webtiles) character file.

Game seed: 17651875770182939634

87 cheesebisquit the Chopper (level 4, 0/40 HPs)
             Began as a Minotaur Berserker on May 14, 2023.
             Was a Believer of Trog.
             Killed by divine providence
             ... invoked by an orc priest
              (12 damage)
             ... on level 3 of the Dungeon.
             The game lasted 00:04:29 (1686 turns).

cheesebisquit the Chopper (Minotaur Berserker)      Turns: 1686, Time: 00:04:29

Health: 0/40       AC:  6    Str: 23    XL:     4   Next: 28%
Magic:  12/12      EV: 10    Int:  4    God:    Trog [**....]
Gold:   145        SH:  0    Dex: 10    Spells: 3/3 levels left

rFire   . . .        p - +0 hand axe (freeze)
rCold   + . .        (no shield)
rNeg    . . .        r - +0 scale mail
rPois   .            (helmet restricted)
rElec   .            (no cloak)
rCorr   .            (no gloves)
SInv    .            (no boots)
Will    .....        (no amulet) Stlth
                     i - ring of magical power
HPRegen 0.26/turn    c - ring of protection from cold
MPRegen 0.13/turn

%: no passive effects
@: no status effects
A: horns 2, retaliatory headbutt
a: Renounce Religion, Berserk, Trog's Hand


You were on level 3 of the Dungeon.
You worshipped Trog.
Trog was pleased with you.
You visited 1 branch of the dungeon, and saw 3 of its levels.

You collected 145 gold pieces.

Inventory:

Hand Weapons
 d - a +0 mace
 n - the +4 trident "Spiderslayer" {freeze, rPois rF- Dex+2}
   (You found it on level 2 of the Dungeon)

   Dex:       It affects your dexterity (+2).
   rF:        It makes you vulnerable to fire.
   rPois:     It protects you from poison.
 p - a +0 hand axe of freezing (weapon)
Armour
 r - a +0 scale mail (worn)
Jewellery
 c - a ring of protection from cold (right hand)
 i - a ring of magical power (left hand)
Scrolls
 e - a scroll of fear {unknown}
 g - a scroll of torment {unknown}
 k - a scroll of acquirement {unknown}
 l - a scroll of poison {unknown}
Potions
 a - a potion of heal wounds
 b - 2 potions of attraction
 h - 2 potions of degeneration {unknown}
 j - a potion of brilliance {unknown}
 m - a potion of curing {unknown}
 o - 3 potions of mutation
 q - a potion of cancellation {unknown}


   Skills:
 + Level 4.1 Fighting
 * Level 4.7 Axes
 + Level 3.1 Armour
 + Level 2.8 Dodging
 + Level 1.2 Stealth


You had 3 spell levels left.
You didn't know any spells.
Your spell library was empty.

Dungeon Overview and Level Annotations

Branches:
Dungeon (3/15)

Altars:
Vehumet


Innate Abilities, Weirdness & Mutations

You have a pair of horns on your head.
You reflexively headbutt those who attack you in melee.


Message History

The bat hits you.
* * * LOW HITPOINT WARNING * * *
The bat barely misses you.
An orc comes into view. It is wielding a +0 trident.
Things that are here:
a +0 dagger; a goblin corpse You slash the bat!
You freeze the bat.
You kill the bat!
Trog accepts your kill.
You feel sick.
You are no longer poisoned.
An orc comes into view. It is wielding a +0 club.
Things that are here:
a +0 dagger; a goblin corpse
Things that are here:
a +2 dagger of flaming; a +0 animal skin; a +2 helmet You barely miss the orc.
The orc hits you but does no damage.
An orc priest comes into view. It is wielding a +0 dagger.
You closely miss the orc. You headbutt the orc.
The orc is almost dead.
The orc barely misses you. x2; You furiously retaliate!
You headbutt the orc.
You kill the orc!
Trog accepts your kill. The orc hits you but does no damage.
Items here: )) ††.
You hit the orc. You freeze the orc. Your headbutt misses the orc.
The orc is heavily wounded.
The orc hits you but does no damage.
You closely miss the orc. You headbutt the orc.
You kill the orc!
Trog accepts your kill.
You closely miss the orc. You headbutt the orc!
You kill the orc!
Trog accepts your kill.
The orc priest invokes the aid of Beogh against you.
Pain shoots through your body!
* * * LOW HITPOINT WARNING * * *
The orc priest invokes the aid of Beogh against you.
Beogh smites you!
You die...

######### ....... #...# #
## ###..)####.###.# ..
#..).†.@)o...... .# #.#
#.#.))####.#.... .# #.#
#.###.)...... .
.####.####.###.########
.............#.....[..
...#..#..#...#..#####.#.#
.....##......#...)......#
.#.)#......#.##.#####.#.#
.#.....#..............#


You could see an orc priest.

Vanquished Creatures
  Robin (D:3)
  An adder (D:2)
  4 orcs (D:3)
  6 ball pythons
  6 bats
  3 endoplasms (D:2)
  3 giant cockroaches (D:1)
  11 goblins
  4 hobgoblins
  3 jackals (D:1)
  3 kobolds (D:1)
  5 quokkas
  A frilled lizard (D:2)
  6 rats
57 creatures vanquished.

Notes
Turn   | Place    | Note
-------+----------+-------------------------------------------
     0 | D:1      | cheesebisquit the Minotaur Berserker began the quest for
                  | the Orb.
     0 | D:1      | Reached XP level 1. HP: 19/19 MP: 0/0
   114 | D:1      | Reached XP level 2. HP: 25/27 MP: 1/1
   154 | D:1      | Found a faded altar of an unknown god.
   302 | D:1      | Reached ** piety under Trog
   402 | D:1      | Reached XP level 3. HP: 33/33 MP: 2/2
   835 | D:2      | Identified the +4 trident "Spiderslayer" {freeze, rPois rF-
                  | Dex+2}
   917 | D:2      | Reached skill level 1 in Stealth
  1635 | D:3      | Found a radiant altar of Vehumet.
  1660 | D:3      | Noticed Robin
  1669 | D:3      | Reached XP level 4. HP: 21/40 MP: 3/3
  1669 | D:3      | Killed Robin
  1686 | D:3      | Killed from afar by an orc priest

Illustrated notes

Levels and vault maps discovered:
D:1:      minmay_arrival_hallway, layout_rooms, nicolae_ecumenical_lake_church
D:2:      layout_basic
D:3:      layout_basic, fiery_altar_vehumet, uniq_robin, uniq_ijyb

Skill      XL: |  1  2  3 |
---------------+----------+-----
Axes           | 4 |  4.7
Stealth        | 1 |  1.2
Armour         | 3 |  3.1
Fighting       | 4 |  4.1
Dodging        | |  2.8

Action                     |  1- 3 |  4- 6 || total
---------------------------+-------+-------++-------
  Melee: Hand axe          |    88 |    10 ||    98
         Headbutt          |    13 |     4 ||    17
    Use: Scroll            |     3 |       ||     3
 Armour: Ring mail         |    42 |       ||    42
         Animal skin       |     2 |       ||     2
         Scale mail        |     5 |     4 ||     9
  Dodge: Dodged            |    78 |     4 ||    82
